 Dungeon Crawl Stone Soup version 0.25-a0-834-g55863b0b92 (webtiles) character file.

Game seed: 15487221820059545158, levelgen mode: deterministic

3015 Maedhros the Covert (level 9, -13/55 HPs)
             Began as an Octopode Artificer on Apr 23, 2020.
             Was an Elder of Ru.
             Engulfed by a fire crab (shapeshifter)'s flame (42 damage)
             ... on level 7 of the Dungeon.
             The game lasted 00:12:52 (8600 turns).

Maedhros the Covert (Octopode Artificer)            Turns: 8600, Time: 00:12:53

Health: -13/55     AC:  1    Str: 11    XL:     9   Next: 85%
Magic:  9/14       EV: 15    Int: 14    God:    Ru [****..]
Gold:   369        SH:  0    Dex: 18    Spells: 8/8 levels left

rFire    x . .     SeeInvis .   g - +1 spear (flame)
rCold    x . .     Gourm    .   (no shield)
rNeg     . . .     Faith    .   (helmet restricted)
rPois    .         Spirit   .   (no amulet)
rElec    .         Reflect  .   h - +3 ring of dexterity
rCorr    .         Harm     .   (no ring)
MR       .....                  x - ring of flight
Stlth    ++++++....             B - ring of stealth
HPRegen  0.18/turn              (no ring)
MPRegen  0.14/turn              (no ring)
                                (no ring)
                                (no ring)

@: exhausted, lightly drained
A: almost no armour, stealthy swim, amphibious, 8 rings, constrict 8, camouflage
1, gelatinous body 1, unskilled 1, temperature sensitive
a: Draw Out Power, Power Leap, Renounce Religion, Evoke Flight


You were on level 7 of the Dungeon.
You worshipped Ru.
Ru was greatly pleased with you.
You were hungry.

You visited 2 branches of the dungeon, and saw 8 of its levels.
You also visited: Ossuary.

You collected 369 gold pieces.

Inventory:

Hand Weapons
 a - a +0 short sword
 g - a +1 spear of flaming (weapon)
Jewellery
 h - a +3 ring of dexterity (left tentacle)
 v - an uncursed ring of fire
 x - a ring of flight (on tentacle)
 B - a ring of stealth (on tentacle)
Wands
 c - a wand of enslavement (3)
 d - a wand of random effects (5)
 y - a wand of digging (8)
 z - a wand of flame (16)
Scrolls
 e - 8 scrolls of identify {unknown}
 j - 8 scrolls of remove curse {unknown}
 k - a scroll of enchant weapon {unknown}
 l - 3 scrolls of immolation {unknown}
 n - 3 scrolls of noise {unknown}
 p - 5 scrolls of teleportation {unknown}
 q - 4 scrolls of blinking {unknown}
 r - a scroll of fear {unknown}
 s - 8 scrolls of random uselessness {unknown}
 t - 2 scrolls of holy word {unknown}
 w - a scroll of amnesia {unknown}
 A - 2 scrolls of fog {unknown}
Potions
 b - 2 potions of degeneration {unknown}
 i - 2 potions of brilliance {unknown}
 m - a potion of haste {unknown}
 u - 2 potions of magic {unknown}
 C - 2 potions of curing {unknown}
 D - a potion of resistance {unknown}
Comestibles
 f - 10 rations


   Skills:
 * Level 2.9(2.6) Fighting
 - Level 0.8(0.6) Short Blades
 * Level 7.6(7.3) Polearms
 * Level 3.3(3.1) Dodging
 - Level 8.6(8.3) Stealth
 - Level 7.2(6.9) Evocations


You had 8 spell levels left.
You didn't know any spells.
Your spell library was empty.

Dungeon Overview and Level Annotations

Branches:
Dungeon (7/15)             Temple (1/1) D:5         Ossuary (visited)

Altars:
Ashenzari
Cheibriados
Dithmenos
Elyvilon
Fedhas
Gozag
Hepliaklqana
Kikubaaqudgha
Makhleb
Nemelex Xobeh
Okawaru
Qazlal
Ru
Sif Muna
Trog
Uskayaw
Vehumet
Wu Jian
Xom
Yredelemnul
Zin
The Shining One
Beogh

Shops:
D:7 (

Annotations:
D:4 3 runed translucent doors, anet's ghost, novice GnHu
D:6 3 runed translucent doors, 1994's ghost, novice DEWr


Innate Abilities, Weirdness & Mutations

You cannot wear most types of armour.
You are very stealthy in the water. (Stealth+)
You are amphibious.
You can wear up to eight rings at the same time.
You can use your tentacles to constrict eight enemies at once.
Your skin changes colour to match your surroundings (Stealth+).
Your rubbery body absorbs attacks. (AC +1, EV +1)
You are somewhat unskilled. (-1 Apt)
You are sensitive to extremes of temperature. (rF-, rC-)


Message History

The fire crab is charmed.
Your fire crab bites the orc.
The orc is engulfed in flames!
The orc dies!
There is an open door here.
Your fire crab breathes flames at the six-headed hydra.
The blast of flame engulfs the six-headed hydra.
Okay, then.
Okay, then.
You feel much better.
You are engulfed in blazing flames.
* * * LOW HITPOINT WARNING * * *
The six-headed hydra is engulfed in blazing flames.
Evoke which item? (* to show all) (? for menu, Esc to quit)
Aiming: Enslavement
Press: ? - help, Shift-Dir - straight line, f - six-headed hydra, p - fire crab
Aim: a six-headed hydra (flame, moderately wounded, chance to defeat MR: 32%)
Okay, then.
Okay, then.
You feel much better.
You are engulfed in blazing flames.
Ouch! That really hurt!
You die...

..#.#..##...#####:####......#
##...###.###.##. aZ.##.....(#
#.#.#.##.....##.##Ha#.......##
##...##.#####.##...##.#......#
###.###.......##.t.#..#...####
.##.##.#######.##°##.......#
.##.##.........##○#........#
#'##'##'#########D#........#
#..##.##..#..°°°@##.###'#########
#.###.##..#)###°°#..........#...#
..##...##.#...#°##..........#...#
#.##...##.#####.#...........#...#
.##..#..##.÷...##...........#...#
(##..#..##.....#............'...#
##...)...##...##............#####
###.....###...#..############
#.###.###.##.##.##


You could see a six-headed hydra, a manticore, a worker ant, a bullfrog skeleton
and a friendly fire crab shaped shifter.

Vanquished Creatures
  An orc warrior (D:7)
  A hungry ghost (D:7)
  An ice beast (D:7)
  A sky beast (D:6)
  4 ogres
  3 centaurs
  An elf zombie (D:5)
  5 bullfrogs
  2 elf skeletons (D:5)
  3 scorpions
  4 wights (D:7)
  4 howler monkeys
  A crimson imp (D:7)
  A human zombie (D:5)
  2 quasits
  A jelly (D:5)
  3 centaur zombies (Ossuary)
  3 hounds (D:6)
  An orc wizard (D:7)
  A bullfrog skeleton (D:4)
  2 gnoll shamans
  3 iguanas
  4 worker ants
  3 big kobold zombies (Ossuary)
  A mummy (Ossuary)
  A worker ant zombie (D:6)
  11 adders
  9 gnolls
  2 shadow imps (D:5)
  An ooze (D:2)
  5 adder skeletons
  2 worms
  2 dart slugs (D:1)
  3 leopard geckos
  10 orcs
  8 bats
  3 giant cockroaches
  6 goblins
  3 hobgoblins
  2 jackals (D:1)
  9 quokkas
  3 ball pythons
  4 frilled lizards
  2 hobgoblin zombies (Ossuary)
  3 kobolds
  An orc skeleton (D:5)
  8 rats
154 creatures vanquished.

Vanquished Creatures (collateral kills)
  A wyvern skeleton (D:7)
  A mummy (Ossuary)
  A howler monkey skeleton (D:7)
  An ooze (D:2)
  A worm (D:2)
  A leopard gecko (D:7)
  An orc (D:7)
  A hobgoblin (D:2)
  2 kobolds (D:2)
10 creatures vanquished.

Vanquished Creatures (others)
  3 mummies (Ossuary)
  A rat (D:3)
4 creatures vanquished.

Grand Total: 168 creatures vanquished

Notes
Turn   | Place    | Note
-------+----------+-------------------------------------------
     0 | D:1      | Maedhros the Octopode Artificer began the quest for the
                  | Orb.
     0 | D:1      | Reached XP level 1. HP: 13/13 MP: 3/3
    86 | D:1      | Reached skill level 2 in Stealth
   390 | D:1      | Reached XP level 2. HP: 17/18 MP: 4/4
   483 | D:2      | Reached skill level 3 in Stealth
   483 | D:2      | Reached XP level 3. HP: 17/23 MP: 4/6
   875 | D:2      | Noticed a scorpion
   883 | D:2      | Reached skill level 4 in Stealth
   883 | D:2      | Reached XP level 4. HP: 22/28 MP: 7/7
  1096 | D:2      | Reached XP level 5. HP: 12/33 MP: 8/8
  1447 | D:3      | Reached skill level 5 in Evocations
  1448 | D:3      | Reached skill level 5 in Stealth
  1554 | D:4      | Noticed an ogre
  1573 | D:4      | Killed an ogre
  1573 | D:4      | Reached skill level 6 in Stealth
  1573 | D:4      | Reached XP level 6. HP: 36/38 MP: 8/10
  1833 | D:4      | Found a runed translucent gate.
  1833 | D:4      | Found a runed translucent gate.
  1835 | D:4      | Found a runed translucent gate.
  1835 | D:4      | Noticed anet's ghost (novice GnHu)
  1835 | D:4      | Identified the cursed +0 ring mail of Least Resistance
                  | {Regen+ Int+3 Slay-2 Stlth+}
  1837 | D:4      | Found a roughly hewn altar of Beogh.
  2088 | D:5      | Entered Level 5 of the Dungeon
  2154 | D:5      | Found a staircase to the Ecumenical Temple.
  2162 | D:5      | Reached skill level 7 in Stealth
  2162 | D:5      | Reached XP level 7. HP: 42/43 MP: 11/11
  2169 | Temple   | Entered the Ecumenical Temple
  2199 | Temple   | Became a worshipper of Ru the Awakened
  2338 | D:5      | Found a sand-covered staircase.
  2383 | Ossuary  | Entered an ossuary
  2689 | Ossuary  | Reached skill level 8 in Stealth
  2999 | D:5      | Reached XP level 8. HP: 27/48 MP: 13/13
  3108 | D:5      | Reached skill level 9 in Stealth
  3344 | D:3      | Found a radiant altar of Vehumet.
  3895 | D:1      | Gained mutation: You are somewhat unskilled. (-1 Apt) [Ru
                  | sacrifice]
  3895 | D:1      | Reduced skill Dodging to level 1
  3895 | D:1      | Reduced skill Stealth to level 8
  3895 | D:1      | Reached * piety under Ru
  3895 | D:1      | Reached ** piety under Ru
  4972 | D:5      | Reached skill level 1 in Polearms
  5940 | D:6      | Found a runed translucent gate.
  5941 | D:6      | Found a runed translucent gate.
  5941 | D:6      | Found a runed translucent gate.
  5941 | D:6      | Noticed 1994's ghost (novice DEWr)
  5941 | D:6      | Noticed a kobold demonologist
  6101 | D:6      | Found a snail-covered altar of Cheibriados.
  6322 | D:6      | Reached skill level 5 in Polearms
  6358 | D:6      | Reached XP level 9. HP: 17/52 MP: 14/14
  7231 | D:7      | Found Retexuel's Weapon Shop.
  7401 | D:7      | Reached skill level 1 in Fighting
  8086 | D:7      | Gained mutation: You are sensitive to extremes of
                  | temperature. (rF-, rC-) [Ru sacrifice]
  8086 | D:7      | Reached *** piety under Ru
  8086 | D:7      | Reached **** piety under Ru
  8593 | D:7      | Noticed a six-headed hydra
  8593 | D:7      | Noticed a meliai
  8594 | D:7      | Noticed a manticore
  8595 | D:7      | Noticed a fire crab
  8595 | D:7      | a meliai changed into a fire crab
  8600 | D:7      | Engulfed by a fire crab (shapeshifter)'s flame

Levels and vault maps discovered:
D:1:      dpeg_arrival_snail, layout_basic, chequers_avenue
D:2:      layout_basic
D:3:      layout_loops_ring, fiery_altar_vehumet, first_ration
D:4:      layout_rooms, biasface_ghost_orc_armoury
D:5:      layout_basic, minmay_temple_entry_stoned_glass,
          nicolae_ossuary_entry_catacombs
D:6:      layout_loops_ring, basic_altar, gammafunk_ghost_nasty_kobolds,
          bh_walls_and_bars
D:7:      minmay_the_grid_triangle_9x9_rhombus_full
          [minmay_the_grid_triangle_9x9_descending_squares,
          minmay_the_grid_triangle_9x9_zippers_vertical,
          minmay_the_grid_triangle_9x9_wacky_v,
          minmay_the_grid_triangle_9x9_corruption,
          minmay_the_grid_triangle_9x9_dagger,
          minmay_the_grid_triangle_9x9_intruding_spiral,
          minmay_the_grid_triangle_9x9_flanged_cone,
          minmay_the_grid_triangle_9x9_prize_schism], layout_gridville,
          serial_shops, kennysheep_mini
Temple:   compressed_dpeg_circular_temple

Skill      XL: |  1  2  3  4  5  6  7  8  9 |
---------------+----------------------------+-----
Stealth        | 2 3 4 6 7 8 8 |  8.6
Evocations     | 4 5 6 7 |  7.2
Fighting       | 0 2 |  2.9
Short Blades   | 0 |  0.8
Dodging        | 1 3 |  3.3
Polearms       | 5 7 |  7.6

Action                   |  1- 3 |  4- 6 |  7- 9 || total
-------------------------+-------+-------+-------++-------
Melee: Short sword       |    25 |       |       ||    25
       Constrict         |    10 |    12 |    68 ||    90
       Tentacles         |     8 |     7 |    82 ||    97
       Spear             |    21 |    58 |   370 ||   449
Invok: Sacrifice Skill   |       |       |     1 ||     1
       Power Leap        |       |       |     2 ||     2
       Sacrifice Resista |       |       |     1 ||     1
Evoke: Wand              |     4 |     9 |    24 ||    37
  Use: Potion            |       |       |     3 ||     3
 Stab: Sleeping          |     9 |     7 |    41 ||    57
       Distracted        |       |       |     6 ||     6
       Invisible         |       |       |     1 ||     1
  Eat: Chunk             |       |     3 |    18 ||    21
       Ration            |       |       |     1 ||     1
Armor: Skin              |     6 |     2 |     8 ||    16
Dodge: Dodged            |    28 |    36 |   117 ||   181

Table legend:
 A = Non-vault XP
 B = Vault XP
 C = Vault XP percentage of total XP
 D = Non-vault monster count
 E = Vault monster count
 F = Vault count percentage of total count
                 A         B        C        D         E       F
            +---------+---------+-------+---------+---------+-------
      Total |    3293 |    1015 |  23.6 |     142 |      23 |  13.9
            +---------+---------+-------+---------+---------+-------
        D:1 |      42 |       0 |   0.0 |      23 |       0 |   0.0
        D:2 |     161 |       0 |   0.0 |      28 |       0 |   0.0
        D:3 |      36 |       0 |   0.0 |      12 |       0 |   0.0
        D:4 |     336 |       0 |   0.0 |      10 |       0 |   0.0
        D:5 |     581 |     316 |  35.2 |      22 |       5 |  18.5
        D:6 |     921 |       0 |   0.0 |      22 |       0 |   0.0
        D:7 |    1216 |     508 |  29.5 |      25 |       7 |  21.9
    Ossuary |       0 |     191 | 100.0 |       0 |      11 | 100.0
            +---------+---------+-------+---------+---------+-------
